 Dungeon Crawl Stone Soup version 0.27.1-1-g398f81649c (webtiles) character file.

Game seed: 5543669417156219789

11451 Borgoz the Grappler (level 11, -1/99 HPs)
             Began as a Ghoul Monk on Sept 19, 2021.
             Was a High Priest of Okawaru.
             Slain by a polar bear simulacrum (8 damage)
             ... in an ice cave.
             The game lasted 00:23:36 (13291 turns).

Borgoz the Grappler (Ghoul Monk)                   Turns: 13291, Time: 00:23:37

Health: -1/99      AC:  9    Str: 16    XL:     11   Next: 77%
Magic:  14/14      EV: 16    Int:  5    God:    Okawaru [*****.]
Gold:   306        SH:  0    Dex: 14    Spells: 10/10 levels left

rFire    . . .     SeeInvis .     - Unarmed
rCold    + . .     Faith    .   (no shield)
rNeg     + + +     Spirit   .   B - +0 steam dragon scales
rPois    ∞         Reflect  .   l - +0 helmet
rElec    .         Harm     .   (no cloak)
rCorr    .         Rampage  .   (no gloves)
Will     .....                  m - +0 pair of boots
Stlth    ++........             a - amulet of regeneration
HPRegen  0.00/turn              (no ring)
MPRegen  0.14/turn              (no ring)

@: inhibited regen
A: claws 1, cold resistance 1, negative energy resistance 3, inhibited
regeneration, torment resistance 2
a: Renounce Religion, Heroism, Finesse


You were in an ice cave.
You worshipped Okawaru.
Okawaru was extremely pleased with you.
You visited 2 branches of the dungeon, and saw 12 of its levels.
You also visited: Ossuary and Ice Cave.

You collected 546 gold pieces.
You spent 240 gold pieces at shops.

Inventory:

Hand Weapons
 E - the +10 morningstar "Eos" {elec, Halo rElec}
   (You took it off a kobold brigand on level 9 of the Dungeon)

   It occasionally discharges a powerful burst of electricity upon striking a
   foe.
   It grants its wielder a halo, increasing accuracy against those within it.
   rElec:     It insulates you from electricity.
Missiles
 A - a throwing net (quivered)
Armour
 l - a +0 helmet (worn)
 m - a +0 pair of boots (worn)
 q - the +7 ring mail "Ibaviqicw" {rF+ rC+ rN+ Int-5}
   (You found it on level 8 of the Dungeon)

   Int:       It affects your intelligence (-5).
   rF:        It protects you from fire.
   rC:        It protects you from cold.
   rN:        It protects you from negative energy.
 s - a +3 ring mail of fire resistance
 B - +0 steam dragon scales (worn)
Jewellery
 a - an amulet of regeneration (around neck)
 j - a ring of fire
 p - the ring "Anaubb" {Contam rF+ rN++ MP+9 Dex-4}
   (You found it on level 4 of the Dungeon)

   [ring of magical power]

   Dex:       It affects your dexterity (-4).
   rF:        It protects you from fire.
   rN:        It greatly protects you from negative energy.
   MP:        It affects your magic capacity (+9).
   Contam:    It causes magical contamination when unequipped.
Wands
 g - a wand of iceblast (14)
 C - a wand of acid (3)
Scrolls
 b - 4 scrolls of immolation {unknown}
 c - 2 scrolls of enchant armour
 f - 4 scrolls of amnesia
 h - 3 scrolls of fear {unknown}
 i - a scroll of blinking {unknown}
 k - 2 scrolls of magic mapping
 o - 2 scrolls of enchant weapon {unknown}
 x - a scroll of vulnerability {unknown}
 y - 5 scrolls of teleportation
 z - 2 scrolls of fog {unknown}
 D - a scroll of holy word {unknown}
 F - a scroll of acquirement {unknown}
Potions
 d - a potion of magic
 n - 2 potions of heal wounds
 t - 4 potions of haste
 u - a potion of cancellation
 v - 3 potions of flight
 w - 4 potions of attraction


   Skills:
 + Level 10.1 Fighting
 + Level 8.0 Armour
 + Level 8.6 Dodging
 - Level 2.2 Stealth
 + Level 10.1 Unarmed Combat
 - Level 6.0 Invocations


You had 10 spell levels left.
You didn't know any spells.
Your spell library contained the following spells:

 Spells                   Type           Power      Damage    Failure   Level
 Magic Dart               Conj           0%         1d3       47%         1
 Pain                     Necr           0%         1d4       47%         1
 Shock                    Conj/Air       0%         1d3       47%         1
 Summon Small Mammal      Summ           0%         N/A       47%         1
 Blink                    Tloc           N/A        N/A       63%         2
 Ensorcelled Hibernation  Hex/Ice        0%         N/A       63%         2
 Searing Ray              Conj           0%         3d3       63%         2
 Static Discharge         Conj/Air       0%         N/A       63%         2
 Call Canine Familiar     Summ           0%         N/A       85%         3
 Lesser Beckoning         Tloc           0%         N/A       85%         3
 Summon Guardian Golem    Hex/Summ       0%         N/A       85%         3
 Swiftness                Air            0%         N/A       85%         3
 Airstrike                Air            0%         N/A       99%         4
 Fulminant Prism          Conj/Hex       0%         3d6       99%         4
 Petrify                  Tmut/Erth      0%         N/A       99%         4
 Agony                    Necr           0%         N/A       100%        5
 Excruciating Wounds      Necr           0%         N/A       100%        5
 Iskenderun's Battlesphe  Conj           0%         2d6       100%        5
 Lightning Bolt           Conj/Air       0%         1d11      100%        5
 Manifold Assault         Tloc           0%         N/A       100%        5
 Metabolic Englaciation   Hex/Ice        0%         N/A       100%        5
 Iron Shot                Conj/Erth      0%         9d1       100%        6
 Shadow Creatures         Summ           N/A        N/A       100%        6
 Spellforged Servitor     Conj/Summ      0%         N/A       100%        7
 Maxwell's Capacitive Co  Air            0%         ∞         100%        8
 Spider Form              Tmut/Pois      Unusable   N/A       N/A         3
 Statue Form              Tmut/Erth      Unusable   N/A       N/A         6

Dungeon Overview and Level Annotations

Branches:
Dungeon (11/15)            Temple (1/1) D:5            Lair (0/6) D:8
    Orc (0/2) D:9         Ossuary (visited)           IceCv (1/1)

Altars:
Ashenzari
Cheibriados
Dithmenos
Elyvilon
Fedhas
Gozag
Hepliaklqana
Kikubaaqudgha
Makhleb
Nemelex Xobeh
Okawaru
Qazlal
Ru
Sif Muna
Trog
Uskayaw
Vehumet
Wu Jian
Xom
Yredelemnul
Zin
The Shining One

Shops:
D:1 *[*:?


Innate Abilities, Weirdness & Mutations

You thrive by killing the living.
You are immune to poison.
You have sharp fingernails.
Your flesh is cold resistant. (rC+)
You are immune to negative energy. (rN+++)
You do not regenerate when monsters are visible.
You are immune to unholy pain and torment.


Message History

The polar bear simulacrum is heavily damaged.
The polar bear simulacrum completely misses you.
The polar bear simulacrum claws you but does no damage. x2
You barely miss the polar bear simulacrum.
The polar bear simulacrum is heavily damaged.
The troll simulacrum bites you! The troll simulacrum freezes you! You resist.
The troll simulacrum claws you but does no damage.
The troll simulacrum claws you. The troll simulacrum freezes you. You resist.
You are too injured to fight recklessly!
You are too injured to fight recklessly!
You are too injured to fight recklessly!
You are too injured to fight recklessly!
You are too injured to fight recklessly!
You are too injured to fight recklessly!
You are too injured to fight recklessly!
You are too injured to fight recklessly!
You are too injured to fight recklessly!
You are too injured to fight recklessly!
You scratch the polar bear simulacrum but do no damage.
The polar bear simulacrum is heavily damaged.
The polar bear simulacrum closely misses you.
The polar bear simulacrum barely misses you.
The polar bear simulacrum completely misses you.
You claw the polar bear simulacrum!
The polar bear simulacrum is almost destroyed.
The troll simulacrum bites you. The troll simulacrum freezes you! You resist.
* * * LOW HITPOINT WARNING * * *
The troll simulacrum claws you.
* * * LOW HITPOINT WARNING * * *
The troll simulacrum freezes you. You resist.
* * * LOW HITPOINT WARNING * * *
The troll simulacrum claws you.
* * * LOW HITPOINT WARNING * * *
The troll simulacrum freezes you! You resist.
* * * LOW HITPOINT WARNING * * *
The polar bear simulacrum barely misses you.
The polar bear simulacrum claws you.
* * * LOW HITPOINT WARNING * * *
The polar bear simulacrum freezes you! You resist.
You die...

#...# ##....# ####
#...... #### ##..##
##.....####..#####....#
#.......##....##.......
#..........#.......∩.∩.
#.........###..........
#...ZZ.### ##..##....#
#....@## ######..##
#.....°# #### ##....##
##..## ###


You could see a polar bear simulacrum and a troll simulacrum.

Vanquished Creatures
  A hydra (D:11)
  A tengu warrior (D:9)
  2 two-headed ogres
  A cyclops (D:9)
  Joseph (D:9)
  2 trolls (D:10)
  2 shadows
  15 yaks
  A wyvern (D:9)
  A basilisk (D:11)
  A death yak simulacrum (IceCv)
  Menkaure (Ossuary)
  2 steam dragons (D:7)
  A water moccasin (D:7)
  Edmund (D:4)
  2 ice beasts
  2 orc warriors
  3 ogres
  6 centaurs
  2 phantoms (D:6)
  2 kobold brigands
  A gnoll sergeant (D:11)
  A wyvern zombie (D:7)
  7 bullfrogs
  3 scorpions
  A cane toad simulacrum (IceCv)
  A two-headed ogre simulacrum (IceCv)
  A water moccasin zombie (D:5)
  An elephant simulacrum (IceCv)
  7 killer bees
  2 howler monkeys (D:10)
  3 wights (D:9)
  A centaur zombie (D:9)
  2 jellies
  7 hounds
  6 orc priests
  2 gnoll shamans
  Natasha (thrice) (D:2)
  3 iguanas
  9 orc wizards
  2 polar bear simulacra (IceCv)
  3 wolf simulacra (IceCv)
  2 killer bee zombies
  A hound skeleton (D:4)
  3 mummies (Ossuary)
  2 howler monkey zombies
  21 gnolls
  4 adders
  2 naga simulacra (IceCv)
  A shadow imp (D:6)
  2 white imps
  4 worms
  4 dart slugs
  29 orcs
  7 ball pythons
  11 endoplasms
  3 giant cockroaches
  3 gnoll zombies (Ossuary)
  11 goblins
  9 hobgoblins
  5 quokkas
  5 bats
  4 frilled lizards
  2 gnoll skeletons (Ossuary)
  6 goblin skeletons (Ossuary)
  6 goblin zombies (Ossuary)
  3 hobgoblin skeletons (Ossuary)
  5 hobgoblin zombies (Ossuary)
  14 kobolds
  5 kobold skeletons (Ossuary)
  4 kobold zombies (Ossuary)
  6 orc skeletons (Ossuary)
  2 orc zombies (Ossuary)
  4 rats
  3 rat skeletons (Ossuary)
  5 rat zombies (Ossuary)
314 creatures vanquished.

Vanquished Creatures (others)
  5 fungi (D:8)
  3 plants (D:8)
8 creatures vanquished.

Grand Total: 322 creatures vanquished

Notes
Turn   | Place    | Note
-------+----------+-------------------------------------------
     0 | D:1      | Borgoz the Ghoul Monk began the quest for the Orb.
     0 | D:1      | Reached XP level 1. HP: 19/19 MP: 0/0
     0 | D:1      | Found Wink's Magic Scroll Shoppe.
    86 | D:1      | Found Coewe's Antique Armour Emporium.
    86 | D:1      | Found Vaxous's Assorted Antiques.
    98 | D:1      | Reached XP level 2. HP: 21/26 MP: 1/1
   471 | D:1      | Found Fogesaes's Book Shop.
   510 | D:1      | Found Idapopt's Assorted Antiques.
   537 | D:1      | Reached XP level 3. HP: 31/31 MP: 2/2
   543 | D:1      | Reached skill level 1 in Armour
  1039 | D:1      | Found a faded altar of an unknown god.
  1039 | D:1      | Noticed a reaper
  1450 | D:2      | Noticed an ogre
  1468 | D:2      | Killed an ogre
  1469 | D:2      | Reached XP level 4. HP: 6/40 MP: 3/3
  1469 | D:2      | Reached XP level 5. HP: 7/46 MP: 4/4
  1810 | D:2      | Noticed Natasha
  1817 | D:2      | Killed Natasha
  2081 | D:2      | Noticed Natasha
  2087 | D:2      | Killed Natasha
  2259 | D:2      | Noticed Natasha
  2281 | D:2      | HP: 1/47 [white imp[Natasha] (2)]
  2283 | D:2      | Killed Natasha
  2905 | D:3      | Reached XP level 6. HP: 53/53 MP: 5/5
  2933 | D:3      | Found a radiant altar of Vehumet.
  3643 | D:3      | Found an ancient bone altar of Kikubaaqudgha.
  3643 | D:3      | Found a burning altar of Makhleb.
  3643 | D:3      | Found a basalt altar of Yredelemnul.
  3715 | D:3      | Found a broken altar of Ashenzari.
  3721 | D:3      | Found a hazy altar of Hepliaklqana.
  4024 | D:4      | Found a snail-covered altar of Cheibriados.
  4170 | D:4      | Noticed an ice beast
  4184 | D:4      | Killed an ice beast
  4185 | D:4      | Reached skill level 5 in Fighting
  4185 | D:4      | Reached skill level 5 in Unarmed Combat
  4185 | D:4      | Reached XP level 7. HP: 61/61 MP: 6/6
  4185 | D:4      | Identified the ring "Anaubb" {Contam rF+ rN++ MP+9 Dex-4}
  4256 | D:4      | Found a sand-covered staircase.
  4260 | Ossuary  | Entered an ossuary
  4643 | Ossuary  | Noticed Menkaure
  4654 | Ossuary  | Killed Menkaure
  5374 | D:4      | Noticed Edmund
  5404 | D:4      | Killed Edmund
  5621 | D:5      | Entered Level 5 of the Dungeon
  5629 | D:5      | Found a staircase to the Ecumenical Temple.
  5687 | D:5      | Reached XP level 8. HP: 44/70 MP: 7/7
  6007 | D:5      | Reached skill level 5 in Dodging
  6920 | Temple   | Entered the Ecumenical Temple
  7121 | Temple   | Became a worshipper of Warmaster Okawaru
  7121 | Temple   | Reached * piety under Okawaru
  7121 | Temple   | Reached ** piety under Okawaru
  7254 | D:6      | Identified the +12 short sword of Paclol {vorpal, *Rage
                  | rElec Int+3}
  8274 | D:6      | Found a bloodstained altar of Trog.
  8286 | D:6      | Reached XP level 9. HP: 57/78 MP: 8/8
  8340 | D:6      | Reached skill level 5 in Armour
  9208 | D:7      | Reached *** piety under Okawaru
  9352 | D:7      | Reached skill level 1 in Invocations
  9504 | D:1      | Bought a fuming orange potion for 21 gold pieces
  9504 | D:1      | Bought 2 murky cyan potions for 43 gold pieces
  9558 | D:1      | Bought a cyan potion for 29 gold pieces
  9558 | D:1      | Bought a scroll labelled VYUS OBBADD for 33 gold pieces
  9558 | D:1      | Bought a scroll labelled KUEWNE NOALUT for 33 gold pieces
  9558 | D:1      | Bought a scroll labelled KUEWNE NOALUT for 33 gold pieces
  9612 | D:1      | Bought a scroll labelled RYLLID ROMI for 24 gold pieces
  9612 | D:1      | Bought a scroll labelled MUYMEOT KITHUC for 24 gold pieces
 10532 | D:8      | Reached XP level 10. HP: 64/88 MP: 11/11
 10645 | D:8      | Reached **** piety under Okawaru
 10692 | D:8      | Identified the +7 ring mail "Ibaviqicw" {rF+ rC+ rN+ Int-5}
 10858 | D:8      | Found a shimmering blue altar of Sif Muna.
 10977 | D:8      | Found a staircase to the Lair.
 11269 | D:9      | Noticed Joseph
 11285 | D:9      | Killed Joseph
 11399 | D:9      | Found a staircase to the Orcish Mines.
 11444 | D:9      | Reached ***** piety under Okawaru
 11600 | D:9      | Noticed a cyclops
 11775 | D:9      | Killed a cyclops
 11776 | D:9      | Reached skill level 5 in Invocations
 11975 | D:10     | Entered Level 10 of the Dungeon
 11975 | D:10     | Noticed a tengu warrior
 11987 | D:9      | Killed a tengu warrior
 11988 | D:9      | Reached XP level 11. HP: 51/97 MP: 11/14
 12122 | D:10     | Received a gift from Okawaru
 12233 | D:10     | Noticed a two-headed ogre
 12263 | D:10     | Killed a two-headed ogre
 12651 | D:11     | Noticed a two-headed ogre
 12664 | D:11     | Killed a two-headed ogre
 12665 | D:11     | Noticed a six-headed hydra
 12681 | D:11     | Killed a six-headed hydra
 12682 | D:11     | Reached skill level 10 in Unarmed Combat
 12720 | D:11     | Noticed a skeletal warrior
 12720 | D:11     | Noticed a skeletal warrior
 12723 | D:11     | Noticed a skeletal warrior
 12725 | D:11     | Noticed a skeletal warrior
 12809 | D:11     | Reached skill level 10 in Fighting
 12866 | D:11     | Lost intelligence.
 12888 | D:11     | Found a frozen archway.
 12940 | IceCv    | Entered an ice cave
 13291 | IceCv    | Slain by a polar bear simulacrum

Illustrated notes

Levels and vault maps discovered:
D:1:      dpeg_arrival_rooms_with_view, layout_rooms,
          dreamdust_ecumenical_altar_sealed_demon, serial_shops, shop,
          nicolae_square_shop, nicolae_shop_crystal, shop_fountains,
          nicolae_shop_statue_plus, amcnicky_mini_corridor_feature, minivault_5,
          grunt_decor_one_mirror, minmay_ruptured
D:2:      layout_basic, uniq_natasha
D:3:      layout_rooms, nicolae_vehumet_radiance, minmay_overflow_temple_hex,
          kennysheep_generic_room_9
D:4:      layout_basic, slow_altar_2, lightli_ossuary_entry_decrepit_ruins,
          minmay_a_box_with_orc_wizards_in_it, uniq_edmund
D:5:      layout_rooms, temple_pool_b, minmay_misc_feat_square,
          kennysheep_generic_room_8
D:6:      layout_layer_cave, lightli_temple_of_fire,
          chequers_serial_rivers_large_b, patterned_corridor
D:7:      layout_basic, wad_floor_pattern_1
D:8:      layout_rooms, nicolae_sif_muna_little_library,
          grunt_lair_entry_orc_guard_hut
D:9:      layout_rooms, orc_0_dummy, minmay_sticks_and_stones, uniq_joseph
D:10:     layout_rooms, minivault_27
D:11:     layout_roguey, serial_shops, kennysheep_mini_moat,
          portal_ice_cave_entry_pillars_2
Temple:   minmay_temple_bridge_abc
IceCv:    ice_cave_small_necro

Skill      XL: |  1  2  3  4  5  6  7  8  9 10 11 |
---------------+----------------------------------+-----
Dodging        | 3 4 5 6 7 8 |  8.6
Armour         | 1 2 3 4 6 7 8 |  8.0
Fighting       | 4 5 6 8 9 10 | 10.1
Unarmed Combat | 4 5 6 8 9 10 | 10.1
Invocations    | 3 5 6 |  6.0
Stealth        | |  2.2

Action                   |  1- 3 |  4- 6 |  7- 9 | 10-12 || total
-------------------------+-------+-------+-------+-------++-------
Melee: Unarmed           |    98 |   174 |   588 |   375 ||  1235
       Punch             |       |     9 |    17 |    27 ||    53
Throw: Throwing net      |       |       |       |     3 ||     3
Invok: Heroism           |       |       |     3 |    10 ||    13
Evoke: Wand              |       |       |     9 |     2 ||    11
  Use: Potion            |     2 |     1 |     6 |     5 ||    14
       Scroll            |       |       |     9 |     5 ||    14
 Stab: Sleeping          |     3 |     8 |     8 |     1 ||    20
       Held in net/web   |       |       |       |     1 ||     1
Armor: Robe              |    16 |    16 |    42 |       ||    74
       Leather armour    |       |       |    26 |       ||    26
       Steam dragon scal |       |       |    27 |   106 ||   133
Dodge: Dodged            |    40 |    85 |   351 |   315 ||   791
